CAL (WIN)
LANCASTER JETHAWKS @ MYRTLE BEACH PELICANS
12/18/2045
 
TOP OF THE 1ST
Lancaster JetHawks batting - Pitching for Myrtle Beach Pelicans : LHP Jesse Fields
Pitching: LHP Jesse Fields
Batting: RHB Ben Hoffman 0-0: Foul Ball, location: 2F
0-1: Called Strike
0-2: Ball
1-2: Ball
2-2: Strikes out swinging, 2-3 out at first.
Batting: RHB Sam Spohn 0-0: Called Strike
0-1: Foul Ball, location: 2F
0-2: Ball
1-2: Strikes out swinging
Batting: RHB Jordan Williams 0-0: Ball
1-0: Swinging Strike
1-1: Swinging Strike
1-2: Strikes out looking
Top of the 1st over - 0 runs, 0 hits, 0 errors, 0 left on base; Lancaster 0 - Myrtle Beach 0
BOTTOM OF THE 1ST
Myrtle Beach Pelicans batting - Pitching for Lancaster JetHawks : RHP Scott Spillman
Pitching: RHP Scott Spillman
Batting: RHB Rich Thurman 0-0: Foul Ball, location: 2F
0-1: Swinging Strike
0-2: Foul Ball, location: 2F
0-2: Strikes out swinging
Batting: LHB Angel Oropeza 0-0: Called Strike
0-1: Swinging Strike
0-2: Ball
1-2: Strikes out swinging
Batting: RHB Jose Balderrama 0-0: Called Strike
0-1: SOLO HOME RUN (Flyball, 7LD, EV 94.4 MPH), Distance : 352 ft
Batting: RHB Leonardo Nava 0-0: Foul Ball, location: 2F
0-1: Swinging Strike
0-2: SOLO HOME RUN (Flyball, 7LD, EV 94.4 MPH), Distance : 357 ft
Batting: SHB Gabriel Cruz 0-0: Ball
1-0: Ball
2-0: Swinging Strike
2-1: Fly out, F9 (Flyball, 89M, EV 91.9 MPH)
Bottom of the 1st over - 2 runs, 2 hits, 0 errors, 0 left on base; Lancaster 0 - Myrtle Beach 2
TOP OF THE 2ND
Lancaster JetHawks batting - Pitching for Myrtle Beach Pelicans : LHP Jesse Fields
Batting: LHB Bob Dietz 0-0: Swinging Strike
0-1: Swinging Strike
0-2: Foul Ball, location: 2F
0-2: Ball
1-2: Ground out 4-3 (Groundball, 4S, EV 68.1 MPH)
Batting: RHB Andrew Pride 0-0: Called Strike
0-1: Foul Ball, location: 2F
0-2: Ball
1-2: Foul Ball, location: 2F
1-2: Foul Ball, location: 2F
1-2: Strikes out looking
Batting: RHB Bobby Dunn 0-0: Foul Ball, location: 2F
0-1: Called Strike
0-2: Ball
1-2: Strikes out looking
Top of the 2nd over - 0 runs, 0 hits, 0 errors, 0 left on base; Lancaster 0 - Myrtle Beach 2
BOTTOM OF THE 2ND
Myrtle Beach Pelicans batting - Pitching for Lancaster JetHawks : RHP Scott Spillman
Batting: RHB Khalil Stephens 0-0: Ball
1-0: Called Strike
1-1: Called Strike
1-2: Fly out, F6 (Popup, 6M, EV 71.2 MPH)
Batting: RHB Brad Santanello 0-0: SINGLE (Groundball, 56, EV 111.2 MPH)
Batting: LHB Wing-tat Tai 0-0: Called Strike
0-1: Foul Ball, location: 2F
0-2: Ball
1-2: Ball
2-2: Fielders Choice at 2nd, 3-6 (Groundball, 23, EV 88.8 MPH)
Batting: SHB Benoît Morin 0-0: Ball
Wild Pitch!
Wing-tat Tai to second
1-0: SINGLE (Groundball, 4MD, EV 106.9 MPH)
Wing-tat Tai to third
Runner from 3rd tries for Home, SAFE, throw by CF to home
Benoît Morin to second
Batting: RHB Rich Thurman 0-0: Called Strike
0-1: Fly out, F7 (Flyball, 7S, EV 96.9 MPH)
Bottom of the 2nd over - 1 run, 2 hits, 0 errors, 1 left on base; Lancaster 0 - Myrtle Beach 3
TOP OF THE 3RD
Lancaster JetHawks batting - Pitching for Myrtle Beach Pelicans : LHP Jesse Fields
Batting: RHB Workneh Lagat 0-0: Called Strike
0-1: Ball
1-1: Foul Ball, location: 2F
1-2: Strikes out swinging
Batting: LHB Mark Dearth 0-0: Called Strike
0-1: Ball
1-1: Ball
2-1: Ball
3-1: Base on Balls
Batting: LHB Jon Pope 0-0: Foul Ball, location: 2F
0-1: Foul Ball, location: 2F
0-2: Ball
1-2: Strikes out swinging
Batting: RHB Ben Hoffman 0-0: Called Strike
0-1: Swinging Strike
0-2: Foul Ball, location: 2F
0-2: Ball
1-2: Strikes out swinging
Top of the 3rd over - 0 runs, 0 hits, 0 errors, 1 left on base; Lancaster 0 - Myrtle Beach 3
BOTTOM OF THE 3RD
Myrtle Beach Pelicans batting - Pitching for Lancaster JetHawks : RHP Scott Spillman
Batting: LHB Angel Oropeza 0-0: Called Strike
0-1: Ball
1-1: Foul Ball, location: 2F
1-2: Ground out 6-3 (Groundball, 6M, EV 82.5 MPH)
Batting: RHB Jose Balderrama 0-0: Foul Ball, location: 2F
0-1: SINGLE (Flyball, 5D, EV 90.0 MPH)
Batting: RHB Leonardo Nava 0-0: Ball
1-0: Ball
2-0: SINGLE (Line Drive, 34, EV 96.2 MPH)
Jose Balderrama to second
Batting: SHB Gabriel Cruz 0-0: Called Strike
0-1: Ball
1-1: Ball
2-1: SINGLE (Groundball, 4MD, EV 98.1 MPH)
Jose Balderrama to third
Leonardo Nava to second
Runner from 3rd tries for Home, SAFE, throw by CF to home
Batting: RHB Khalil Stephens 0-0: Foul Ball, location: 2F
0-1: Ball
1-1: Ball
2-1: Foul Ball, location: 2F
2-2: Strikes out swinging
Batting: RHB Brad Santanello 0-0: Called Strike
0-1: Swinging Strike
0-2: Ball
1-2: Ball
2-2: Strikes out swinging
Bottom of the 3rd over - 1 run, 3 hits, 0 errors, 2 left on base; Lancaster 0 - Myrtle Beach 4
TOP OF THE 4TH
Lancaster JetHawks batting - Pitching for Myrtle Beach Pelicans : LHP Jesse Fields
Batting: RHB Sam Spohn 0-0: Called Strike
0-1: Ball
1-1: Ball
2-1: Called Strike
2-2: Strikes out looking
Batting: RHB Jordan Williams 0-0: Called Strike
0-1: Ball
1-1: Ball
2-1: SINGLE (Groundball, 6S, EV 68.1 MPH) (infield hit)
Batting: LHB Bob Dietz 0-0: Fly out, F4 (Popup, 4, EV 80.0 MPH)
Batting: RHB Andrew Pride 0-0: Ball
1-0: Ball
2-0: Called Strike
2-1: Ball
3-1: Base on Balls
Jordan Williams to second
Batting: RHB Bobby Dunn 0-0: Ball
1-0: Foul Ball, location: 2F
1-1: Foul Ball, location: 2F
1-2: Ball
2-2: Strikes out swinging
Top of the 4th over - 0 runs, 1 hit, 0 errors, 2 left on base; Lancaster 0 - Myrtle Beach 4
BOTTOM OF THE 4TH
Myrtle Beach Pelicans batting - Pitching for Lancaster JetHawks : RHP Scott Spillman
Batting: LHB Wing-tat Tai 0-0: Ball
1-0: Ball
2-0: DOUBLE (Groundball, 3L, EV 103.8 MPH)
Batting: SHB Benoît Morin 0-0: DOUBLE (Line Drive, 7LM, EV 103.1 MPH)
Wing-tat Tai scores
Pitching: RHP Mike Wirick
Pinch Runner at 2nd Mike Savage:
Batting: RHB Rich Thurman 0-0: Ground out 4-3 (Groundball, 4, EV 85.0 MPH)
Mike Savage to third
Batting: LHB Angel Oropeza 0-0: Ball
1-0: Ball
2-0: Ground out 4-3 (Groundball, 4, EV 79.4 MPH)
Mike Savage scores
Batting: RHB Jose Balderrama 0-0: DOUBLE (Groundball, 5L, EV 107.5 MPH)
Batting: RHB Leonardo Nava 0-0: Ball
1-0: Ball
2-0: Foul Ball, location: 2F
2-1: Swinging Strike
2-2: Foul Ball, location: 2F
2-2: Foul Ball, location: 2F
2-2: Ball
3-2: Strikes out looking
Bottom of the 4th over - 2 runs, 3 hits, 0 errors, 1 left on base; Lancaster 0 - Myrtle Beach 6
TOP OF THE 5TH
Lancaster JetHawks batting - Pitching for Myrtle Beach Pelicans : LHP Jesse Fields
Now in CF: Mike Savage
Batting: RHB Workneh Lagat 0-0: Ball
1-0: Foul Ball, location: 2F
1-1: Ball
2-1: Ball
3-1: DOUBLE (Line Drive, 3D, EV 94.4 MPH)
Batting: LHB Mark Dearth 0-0: Foul Ball, location: 2F
0-1: Ball
1-1: Foul Ball, location: 2F
1-2: Fly out, F6 (Line Drive, 6MD, EV 70.0 MPH)
Batting: LHB Jon Pope 0-0: Called Strike
0-1: Swinging Strike
0-2: Strikes out swinging
Batting: RHB Ben Hoffman 0-0: Hit by Pitch
Batting: RHB Sam Spohn 0-0: Called Strike
0-1: Ground out 5-3 (Groundball, 56S, EV 91.9 MPH)
Top of the 5th over - 0 runs, 1 hit, 0 errors, 2 left on base; Lancaster 0 - Myrtle Beach 6
BOTTOM OF THE 5TH
Myrtle Beach Pelicans batting - Pitching for Lancaster JetHawks : RHP Mike Wirick
Batting: SHB Gabriel Cruz 0-0: Ball
1-0: Ball
2-0: Foul Ball, location: 2F
2-1: Called Strike
2-2: Foul Ball, location: 2F
2-2: DOUBLE (Groundball, 3L, EV 106.9 MPH)
Batting: RHB Khalil Stephens 0-0: Swinging Strike
0-1: Ball
1-1: Ball
2-1: Ball
3-1: Foul Ball, location: 2F
3-2: Base on Balls
Batting: RHB Brad Santanello 0-0: Called Strike
0-1: Ball
1-1: Foul Ball, location: 2F
1-2: Ball
2-2: Ball
3-2: Foul Ball, location: 2F
3-2: Strikes out swinging
Pitching: RHP Josh Willig
Batting: LHB Wing-tat Tai 0-0: Called Strike
Gabriel Cruz steals 3rd base (no throw)
Khalil Stephens to second
0-1: Ball
1-1: Foul Ball, location: 2F
1-2: Ball
2-2: Foul Ball, location: 2F
2-2: Ball
3-2: DOUBLE (Groundball, 3L, EV 105.0 MPH)
Gabriel Cruz scores
Khalil Stephens scores
Batting: RHB Mike Savage 0-0: Ground out 5-3 (Groundball, 5, EV 76.9 MPH)
Batting: RHB Rich Thurman 0-0: Ball
1-0: Ball
2-0: Ball
3-0: Base on Balls
Batting: LHB Angel Oropeza 0-0: Ball
1-0: Ball
2-0: SINGLE (Groundball, 4S, EV 71.9 MPH) (infield hit)
Wing-tat Tai to third
Rich Thurman to second
Batting: RHB Jose Balderrama 0-0: Ball
1-0: Ball
2-0: Ball
3-0: Called Strike
3-1: Called Strike
3-2: Fly out, F7 (Flyball, 78S, EV 87.5 MPH)
Bottom of the 5th over - 2 runs, 3 hits, 0 errors, 3 left on base; Lancaster 0 - Myrtle Beach 8
TOP OF THE 6TH
Lancaster JetHawks batting - Pitching for Myrtle Beach Pelicans : LHP Jesse Fields
Pitching: RHP Jake Newman
Batting: RHB Jordan Williams 0-0: Called Strike
0-1: Swinging Strike
0-2: Ball
1-2: Fly out, F8 (Line Drive, 89D, EV 93.8 MPH)
Batting: LHB Bob Dietz 0-0: Called Strike
0-1: Called Strike
0-2: Strikes out swinging
Batting: RHB Andrew Pride 0-0: Fly out, F7 (Flyball, 78M, EV 80.6 MPH)
Top of the 6th over - 0 runs, 0 hits, 0 errors, 0 left on base; Lancaster 0 - Myrtle Beach 8
BOTTOM OF THE 6TH
Myrtle Beach Pelicans batting - Pitching for Lancaster JetHawks : RHP Josh Willig
Batting: RHB Leonardo Nava 0-0: Ball
1-0: Called Strike
1-1: Swinging Strike
1-2: Ball
2-2: Foul Ball, location: 2F
2-2: Ball
3-2: Strikes out swinging
Batting: SHB Gabriel Cruz 0-0: Ball
1-0: Ball
2-0: Foul Ball, location: 2F
2-1: Foul Ball, location: 2F
2-2: Strikes out looking
Batting: RHB Khalil Stephens 0-0: Ball
1-0: SINGLE (Line Drive, 7S, EV 99.4 MPH)
Batting: RHB Brad Santanello 0-0: Called Strike
0-1: Foul Ball, location: 2F
0-2: Fielders Choice at 2nd, 6-4 (Groundball, 6, EV 103.8 MPH)
Bottom of the 6th over - 0 runs, 1 hit, 0 errors, 1 left on base; Lancaster 0 - Myrtle Beach 8
TOP OF THE 7TH
Lancaster JetHawks batting - Pitching for Myrtle Beach Pelicans : RHP Jake Newman
Batting: RHB Bobby Dunn 0-0: Called Strike
0-1: Foul Ball, location: 2F
0-2: Strikes out looking
Batting: RHB Workneh Lagat 0-0: Swinging Strike
0-1: Ground out 6-3 (Groundball, 56, EV 86.2 MPH)
Batting: LHB Mark Dearth 0-0: Foul Ball, location: 2F
0-1: Ball
1-1: Called Strike
1-2: Foul Ball, location: 2F
1-2: Strikes out looking and he ARGUES THE CALL AND IS TOSSED!
Top of the 7th over - 0 runs, 0 hits, 0 errors, 0 left on base; Lancaster 0 - Myrtle Beach 8
BOTTOM OF THE 7TH
Myrtle Beach Pelicans batting - Pitching for Lancaster JetHawks : RHP Josh Willig
Now at 2B: Workneh Lagat
Now at 3B: Sean Mounts
Batting: LHB Wing-tat Tai 0-0: Foul Ball, location: 2F
0-1: Ball
1-1: Swinging Strike
1-2: Ball
2-2: Ball
3-2: SOLO HOME RUN (Flyball, 8LXD, EV 108.8 MPH), Distance : 414 ft
Pinch Hitting: RHB Jonathan Sotelo 0-0: Called Strike
0-1: Foul Ball, location: 2F
0-2: Ball
1-2: Foul Ball, location: 2F
1-2: Ball
2-2: Ground out U3 (Groundball, 13, EV 77.5 MPH)
Pitching: RHP Elroy Meulenkamp
Pinch Hitting: LHB Adam Conover 0-0: Called Strike
0-1: Foul Ball, location: 2F
0-2: Fly out, F7 (Flyball, 78S, EV 85.6 MPH)
Batting: LHB Angel Oropeza 0-0: Called Strike
0-1: Ground out 6-3 (Groundball, 4MD, EV 81.9 MPH)
Bottom of the 7th over - 1 run, 1 hit, 0 errors, 0 left on base; Lancaster 0 - Myrtle Beach 9
TOP OF THE 8TH
Lancaster JetHawks batting - Pitching for Myrtle Beach Pelicans : RHP Jake Newman
Now at 3B: Adam Conover
Now in CF: Wing-tat Tai
Now in RF: Jonathan Sotelo
Batting: LHB Jon Pope 0-0: Foul Ball, location: 2F
0-1: Foul Ball, location: 2F
0-2: Strikes out looking
Batting: RHB Ben Hoffman 0-0: Called Strike
0-1: Called Strike
0-2: Strikes out looking
Batting: RHB Sam Spohn 0-0: Called Strike
0-1: Ball
1-1: Swinging Strike
1-2: Foul Ball, location: 2F
1-2: Strikes out looking
Top of the 8th over - 0 runs, 0 hits, 0 errors, 0 left on base; Lancaster 0 - Myrtle Beach 9
BOTTOM OF THE 8TH
Myrtle Beach Pelicans batting - Pitching for Lancaster JetHawks : RHP Elroy Meulenkamp
Batting: RHB Jose Balderrama 0-0: Ball
1-0: Fly out, F8 (Line Drive, 89M, EV 97.5 MPH)
Pinch Hitting: RHB David Barnard 0-0: Ball
1-0: Called Strike
1-1: SINGLE (Groundball, 56, EV 103.1 MPH)
Batting: SHB Gabriel Cruz 0-0: Ball
1-0: Ball
2-0: Foul Ball, location: 2F
2-1: Foul Ball, location: 2F
2-2: Foul Ball, location: 2F
2-2: Foul Ball, location: 2F
2-2: Ball
3-2: Base on Balls
David Barnard to second
Pinch Hitting: LHB Kwang-chih Men 0-0: Grounds into double play, 4-6-3 (Groundball, 4, EV 99.4 MPH)
Bottom of the 8th over - 0 runs, 1 hit, 0 errors, 1 left on base; Lancaster 0 - Myrtle Beach 9
TOP OF THE 9TH
Lancaster JetHawks batting - Pitching for Myrtle Beach Pelicans : RHP Jake Newman
Now at 2B: Kwang-chih Men
Now at SS: Mark Huey
Batting: RHB Jordan Williams 0-0: Ball
1-0: Foul Ball, location: 2F
1-1: Ball
2-1: Ball
3-1: Fly out, F9 (Flyball, 9LD, EV 78.8 MPH)
Pinch Hitting: RHB Chris Miller 0-0: Ball
1-0: Foul Ball, location: 2F
1-1: Swinging Strike
1-2: Fly out, F7 (Flyball, 7S, EV 81.9 MPH)
Batting: RHB Andrew Pride 0-0: SINGLE (Line Drive, 6MD, EV 95.0 MPH)
Batting: RHB Bobby Dunn 0-0: Fly out, F6 (Popup, 56, EV 61.9 MPH)
Top of the 9th over - 0 runs, 1 hit, 0 errors, 1 left on base; Lancaster 0 - Myrtle Beach 9
Wednesday, June 22nd , 2022 - OOTP Baseball 23.4 Build 64